Map: Alcyone LE

Players

ByuN - Winner!

  • Race: Terran Terran
  • Spawn Location: 7:00

MaxPax

  • Race: Protoss Protoss
  • League: Master
  • Spawn Location: 1:00

VOD

Have the link to the VOD?

Description

Time

  • Played on: Dec. 11, 2023, 6:24 a.m.
  • Length: 11:57
Show
View Real Time Build Order
Export as new Build Order

ByuN Terran - Winner!

Build Orders: Liberator Opening 

Get SALT Encoding   

  12  0:00  SCV  
  13  0:12  SCV  
  14  0:17  Supply Depot  
  14  0:24  SCV  
  15  0:39  SCV  
  15  0:40  Barracks  
  15  0:42  Refinery  
  16  0:51  SCV  
  16  0:52  Refinery  
  17  1:03  SCV  
  18  1:15  SCV  
  19  1:27  Reaper  
  19  1:28  Orbital Command  
  20  1:39  Factory  
  20  1:48  Supply Depot  
  20  1:53  SCV  
  21  1:59  Barracks Reactor  
  21  2:05  SCV  
  22  2:16  Command Center  
  22  2:18  SCV  
  23  2:23  Widow Mine  
  25  2:32  SCV  
  25  2:33  Starport  
  26  2:40  Supply Depot  
  26  2:43  Marine  
  26  2:44  SCV  
  28  2:50  Widow Mine  
  30  2:56  SCV  
  31  3:03  Marine x2  
  33  3:10  SCV  
  33  3:12  Medivac  
  36  3:13  Factory Tech Lab  
  36  3:21  Cyclone  
  36  3:23  SCV  
  39  3:27  Marine  
  40  3:35  SCV  
  41  3:44  Liberator  
  41  3:47  SCV  
  45  3:48  Orbital Command  
  45  3:49  Marine x2  
  45  3:54  Cyclone  
  49  3:59  SCV  
  50  4:07  Marine x2  
  50  4:08  Supply Depot  
  51  4:13  SCV  
  51  4:14  SCV  
  53  4:25  Marine  
  53  4:29  Marine  
  53  4:30  SCV x2, Cyclone  
  59  4:33  Supply Depot  
  59  4:42  SCV x2  
  59  4:43  Marine  
  62  4:47  Command Center  
  62  4:55  SCV, Marine  
  62  4:56  SCV  
  65  5:00  Marine  
  64  5:07  SCV  
  64  5:08  SCV  
  64  5:11  Factory Tech Lab  
  64  5:12  Marine  
  66  5:18  Starport Tech Lab, Marine  
  66  5:19  SCV  
  66  5:20  SCV  
  66  5:24  Supply Depot  
  66  5:25  Barracks  
  66  5:26  Barracks  
  66  5:30  Marine  
  66  5:31  SCV  
  66  5:32  Supply Depot, SCV  
  66  5:34  Engineering Bay  
  66  5:35  Engineering Bay  
  69  5:36  Marine  
  70  5:43  Raven  
  70  5:46  Siege Tank, SCV x2  
  70  5:48  Marine  
  70  5:49  Interference Matrix  
  75  5:53  Refinery  
  75  5:54  Marine, Refinery  
  75  5:56  Supply Depot  
  76  6:01  Orbital Command  
  76  6:03  Terran Infantry Weapons Level 1  
  76  6:04  Terran Infantry Armor Level 1  
  76  6:06  Marine  
  77  6:12  SCV x2, Marine  
  80  6:21  Barracks  
  80  6:22  Barracks  
  80  6:24  Marine, Factory Reactor  
  81  6:29  SCV x2  
  81  6:30  Missile Turret  
  81  6:31  Marine  
  81  6:32  Marauder  
  84  6:35  Stimpack  
  84  6:36  Missile Turret  
  84  6:38  Orbital Command  
  84  6:41  Marine  
  84  6:42  SCV x2  
  87  6:50  Marine  
  87  6:53  Marauder  
  90  6:54  SCV x2  
  90  6:57  Starport Reactor  
  89  7:03  SCV  
  89  7:05  Combat Shield, Marauder  
  89  7:06  SCV x2  
  94  7:08  Marine x2  
  94  7:10  Missile Turret  
  94  7:11  Barracks Tech Lab, Barracks Reactor  
  94  7:14  Marauder  
  94  7:15  Armory  
  98  7:17  SCV  
  98  7:18  SCV x2  
  98  7:21  Supply Depot x2  
  101  7:24  Armory  
  101  7:28  Refinery x2  
  101  7:29  SCV, Marauder  
  104  7:30  SCV x2, Marine x2  
  108  7:38  Marauder x2, Widow Mine x2  
  108  7:41  SCV  
  108  7:42  SCV  
  118  7:44  Medivac x2  
  118  7:46  SCV  
  118  7:47  Supply Depot  
  118  7:48  Supply Depot  
  118  7:50  Concussive Shells  
  123  7:53  SCV  
  123  7:55  SCV  
  125  7:59  Supply Depot  
  125  8:02  Marauder x3  
  125  8:03  Marine x2  
  133  8:08  Marine x2  
  133  8:09  SCV x2  
  133  8:10  Supply Depot, SCV, Missile Turret  
  133  8:12  Widow Mine  
  140  8:14  Widow Mine  
  140  8:17  Terran Infantry Weapons Level 2  
  141  8:21  SCV x2  
  141  8:22  SCV  
  141  8:24  Marauder  
  141  8:25  Marauder  
  148  8:31  Marauder  
  148  8:33  Medivac  
  148  8:34  Widow Mine  
  154  8:35  Medivac  
  154  8:36  Widow Mine  
  158  8:43  Marine x4  
  158  8:46  Supply Depot  
  160  9:00  Marauder x2  
  164  9:03  Ghost Academy  
  164  9:07  Medivac  
  164  9:08  Marauder  
  168  9:10  Marine x4  
  172  9:17  Barracks  
  172  9:18  Barracks x2, Widow Mine, Terran Infantry Armor Level 2  
  172  9:28  Widow Mine  
  171  9:38  Command Center  
  160  9:42  Marine x2, Marauder x2  
  160  9:43  Marine x2  
  164  9:49  Medivac x2  
  164  9:51  SCV x3  
  164  9:52  Widow Mine x2  
  172  9:57  Starport  
  160  10:03  SCV  
  157  10:07  SCV x2  
  157  10:13  Barracks Tech Lab x2, Barracks Reactor  
  157  10:14  Widow Mine x2  
  160  10:18  SCV  
  160  10:19  SCV x2, Medivac x2  
  160  10:20  Missile Turret  
  165  10:28  Ghost x3  
  167  10:33  Marine x2  
  173  10:38  Marine x2  
  169  10:49  Medivac x2  
  173  10:56  Marine, Viking x2  
  178  10:57  Marauder x3  
  178  11:00  Ghost  
  178  11:01  Orbital Command, Planetary Fortress, Ghost  
  186  11:05  Marine  
  186  11:06  Marine  
  186  11:08  Marine  
  188  11:13  Marine  
  187  11:18  Marauder  
  187  11:19  Marauder x2  
  191  11:29  Widow Mine  
  195  11:34  Marauder  
Show
View Real Time Build Order
Export as new Build Order

MaxPax Protoss 

Build Orders: 1 Gate Expand, Phoenix Opening, Colossus Rush 

Get SALT Encoding   

  12  0:00  Probe  
  13  0:12  Probe  
  14  0:17  Pylon  
  14  0:24  Probe (Chrono Boost)  
  16  0:36  Gateway, Probe (Chrono Boost)  
  16  0:43  Probe (Chrono Boost)  
  16  0:45  Assimilator  
  17  0:51  Probe  
  18  1:03  Probe  
  19  1:15  Probe  
  20  1:23  Cybernetics Core  
  22  1:32  Nexus  
  20  1:35  Probe  
  21  1:41  Pylon  
  21  1:47  Probe  
  21  1:50  Assimilator  
  22  1:56  Adept (Chrono Boost)  
  22  1:59  Probe  
  25  2:07  Shield Battery  
  25  2:11  Probe  
  26  2:23  Probe (Chrono Boost), Stargate  
  27  2:34  Stalker  
  27  2:35  Probe (Chrono Boost)  
  30  2:42  Shield Battery  
  30  2:43  Probe (Chrono Boost)  
  31  2:45  Probe (Chrono Boost)  
  32  2:55  Warp Gate  
  32  2:56  Probe (Chrono Boost)  
  32  2:57  Probe (Chrono Boost)  
  34  3:03  Probe (Chrono Boost)  
  34  3:04  Probe (Chrono Boost)  
  36  3:08  Phoenix (Chrono Boost)  
  36  3:11  Probe  
  39  3:15  Probe  
  40  3:23  Probe, Pylon  
  40  3:25  Phoenix (Chrono Boost)  
  43  3:27  Probe  
  43  3:33  Assimilator  
  44  3:35  Assimilator, Probe  
  44  3:39  Robotics Facility  
  44  3:40  Probe  
  46  3:47  Probe  
  47  3:50  Pylon  
  47  3:57  Phoenix (Chrono Boost)  
  47  3:58  Probe  
  47  4:01  Gateway, Probe  
  51  4:10  Probe  
  51  4:11  Pylon  
  51  4:13  Probe  
  51  4:20  Phoenix (Chrono Boost)  
  51  4:22  Probe  
  54  4:27  Shield Battery  
  54  4:28  Immortal  
  58  4:36  Robotics Bay, Probe  
  58  4:37  Probe  
  60  4:42  Phoenix  
  62  4:52  Stalker  
  56  5:14  Phoenix  
  56  5:18  Probe  
  56  5:19  Shield Battery  
  59  5:22  Stalker x2  
  59  5:27  Colossus (Chrono Boost)  
  59  5:32  Probe x2  
  65  5:48  Phoenix  
  65  5:49  Probe x2  
  66  5:58  Stalker  
  66  5:59  Stalker  
  70  6:07  Pylon  
  70  6:08  Probe  
  70  6:11  Extended Thermal Lance  
  70  6:13  Nexus  
  70  6:21  Colossus (Chrono Boost)  
  70  6:24  Pylon  
  70  6:25  Probe  
  77  6:30  Probe  
  77  6:31  Pylon  
  77  6:37  Phoenix, Probe  
  76  6:47  Twilight Council  
  76  6:48  Forge  
  74  7:01  Probe  
  74  7:05  Colossus (Chrono Boost)  
  74  7:07  Probe  
  82  7:13  Shield Battery  
  83  7:15  Shield Battery, Probe (Chrono Boost)  
  83  7:17  Zealot, Sentry  
  83  7:20  Protoss Ground Weapons Level 1 (Chrono Boost)  
  88  7:22  Probe (Chrono Boost)  
  88  7:26  Probe (Chrono Boost)  
  88  7:28  Probe (Chrono Boost)  
  88  7:29  Charge  
  90  7:34  Probe (Chrono Boost)  
  90  7:35  Probe (Chrono Boost)  
  90  7:36  Probe (Chrono Boost)  
  93  7:38  Probe (Chrono Boost)  
  93  7:40  Probe (Chrono Boost)  
  93  7:42  Probe  
  96  7:48  Probe  
  97  7:52  Zealot x2, Probe  
  97  7:53  Gateway x2  
  97  7:55  Colossus (Chrono Boost)  
  102  8:02  Probe  
  109  8:09  Pylon  
  109  8:15  Pylon  
  109  8:16  Gateway  
  109  8:27  Probe x2  
  109  8:29  Gateway  
  109  8:31  Nexus  
  111  8:35  Gateway  
  111  8:36  Gateway  
  111  8:38  Zealot x2  
  113  8:46  Warp Prism (Chrono Boost)  
  115  8:57  Probe x3  
  115  9:01  Photon Cannon  
  108  9:06  Zealot x4  
  108  9:09  Probe x3  
  118  9:21  Probe x2  
  118  9:23  Observer  
  115  9:24  Probe  
  100  9:31  Zealot x3  
  100  9:32  Zealot x5  
  100  9:33  Probe x2  
  100  9:36  Probe  
  87  9:45  Probe x2  
  87  9:46  Observer (Chrono Boost)  
  87  9:48  Templar Archives  
  89  9:53  Pylon, Probe  
  89  9:57  Probe  
  87  10:03  Zealot x3  
  91  10:17  Zealot x5  
  101  10:37  Zealot x6  
  101  10:40  High Templar x2  
  117  10:44  Archon  
  111  10:58  High Templar x3  
  111  11:02  High Templar  
  111  11:04  Archon  
  117  11:06  Pylon  
  117  11:07  Pylon  
  117  11:12  Archon  
  115  11:25  High Templar  
  115  11:26  Stalker x2, High Templar  
  115  11:30  Archon  
  117  11:42  Zealot x4  
  85  11:54  Zealot x2  
Tags
 
Add a new tag
Caveats
  • Supply blocks, unpowered buildings, or Contaminate may cause inaccurate times.
  • Supply counts are checked every 10 seconds.